AoeStats
← sksarthak

Arabia

510372436Analyzed
1v1 RM · 20h ago on Sep 30, 2026· 41m 55s· 2 players
Game mode
Random Map
Map size
Tiny (2 player)
Population
200
Speed
Normal
Resources
Standard
Victory
Conquest
Starting age
Dark Age
Ending age
Imperial Age
RankedLock teamsTeams togetherTeam positionsShared explorationLock speedFull tech treeHidden civsTurbo modeCheats
Victory
Defeat
🇺🇸 Varangians · United States
1098
+17
🇭🇺 Magyars · Hungary
1112
-39
sksarthak
6:05 Loom
9:29 Feudal Age
9:58 Double-Bit Axe
16:54 Wheelbarrow
19:39 Castle Age
18:20 Gold Mining
18:11 Horse Collar
19:01 Bloodlines
19:08 Forging
19:55 Scale Barding Armor
21:37 Iron Casting
26:42 Husbandry
29:53 Town Watch
31:14 Devotion
36:19 Imperial Age
34:58 Vendel Legacy
36:58 Chain Barding Armor
36:29 Fletching
36:52 Herbal Medicine
37:01 Cavalier
dobosimi93
7:00 Loom
10:03 Feudal Age
10:38 Double-Bit Axe
12:00 Horse Collar
20:16 Castle Age
21:35 Bow Saw
21:47 Scale Barding Armor
23:16 Chain Barding Armor
29:23 Heavy Plow
30:49 Bloodlines
30:43 Husbandry
32:55 Wheelbarrow
32:06 Town Watch
34:05 Bloodlines
40:57 Imperial Age
38:34 Pikeman
38:35 Man-at-Arms
40:18 Scale Mail Armor
Connection lost

Rejoining the realm…

Still unreachable

The connection could not be restored.

Session expired

The server has moved on; the page needs a fresh start.